 Dungeon Crawl Stone Soup version 0.23.2-30-g0e89c35649 (webtiles) character file.

Game seed: 11610062959839262770

386695 TrebMcFLY the Executioner (level 22, -6/205 HPs)
             Began as a Minotaur Berserker on June 10, 2019.
             Was the Champion of Trog.
             Mangled by a deep troll (11 damage)
             ... on level 1 of the Depths on June 11, 2019.
             The game lasted 03:15:30 (43512 turns).

TrebMcFLY the Executioner (Minotaur Berserker)     Turns: 43512, Time: 03:15:31

Health: -6/205     AC: 22    Str: 34    XL:     22   Next: 1%
Magic:  32/32      EV: 10    Int:  4    God:    Trog [******]
Gold:   3430       SH:  0    Dex:  9    Spells: 21/21 levels left

rFire    . . .     SeeInvis +   M - +4 broad axe of Famine {vamp, +Blink rElec rC+}
rCold    + . .     Gourm    .   W - +0 shield {reflect}
rNeg     + . .     Faith    .   e - +2 plate armour {MR+}
rPois    +         Spirit   .   (helmet restricted)
rElec    +         Reflect  +   B - +0 cloak {rPois}
rCorr    .         Harm     .   T - +0 pair of gloves {Str+3}
MR       ++...                  V - +1 pair of boots
Stlth    ..........             K - amulet "Jagriy" {rPois Regen+}
HPRegen  0.00/turn              S - ring of see invisible
MPRegen  0.23/turn              y - ring of positive energy

@: confused, berserk cooldown, non-regenerating, mildly diseased, slowed, very
slow
A: retaliatory headbutt, horns 2, [blurry vision 2], clumsy 1, deformed body
}: 2/15 runes: serpentine, barnacled
a: Berserk, Trog's Hand, Brothers in Arms, Renounce Religion, Evoke Blink


You were on level 1 of the Depths.
You worshipped Trog.
Trog was exalted by your worship.
You were not hungry.

You visited 7 branches of the dungeon, and saw 36 of its levels.
You visited the Abyss 1 time.
You also visited: Ossuary and Volcano.

You collected 3872 gold pieces.
You spent 442 gold pieces at shops.

Inventory:

Hand Weapons
 E - a +5 morningstar of freezing
 M - the +4 broad axe of Famine (weapon) {vamp, +Blink rElec rC+}
   (Trog gifted it to you on level 9 of the Dungeon)

   It inflicts no extra harm, but heals its wielder when it wounds a living foe.
   It protects you from cold.
   It insulates you from electricity.
   It lets you blink.
 X - a +2 broad axe of flaming
Missiles
 x - 52 javelins (quivered)
Armour
 e - a +2 plate armour of magic resistance (worn)
 B - a +0 cloak of poison resistance (worn)
 T - a +0 pair of gloves of strength (worn)
 V - a +1 pair of boots (worn)
 W - a +0 shield of reflection (worn)
Jewellery
 o - an uncursed ring of fire
 v - an uncursed ring of protection from fire
 y - a ring of positive energy (right hand)
 G - the ring of Anarchy {rCorr Int+5}
   (You found it on level 2 of the Vaults)

   [ring of resist corrosion]

   It affects your intelligence (+5).
 K - the amulet "Jagriy" (around neck) {rPois Regen+}
   (You found it on level 9 of the Dungeon)

   [amulet of regeneration]

   It protects you from poison.
   It increases your rate of regeneration.
 S - a ring of see invisible (left hand)
 Y - an uncursed amulet of the gourmand
Wands
 a - a wand of enslavement (26)
 d - a wand of iceblast (31)
 f - a wand of acid (5)
 r - a wand of clouds (16)
 u - a wand of paralysis (39)
 I - a wand of random effects (84)
 N - a wand of flame (58)
 Q - a wand of digging (4)
Scrolls
 b - 3 scrolls of enchant weapon
 g - 17 scrolls of remove curse
 l - 5 scrolls of enchant armour
 m - 4 scrolls of magic mapping
 p - 16 scrolls of identify
 q - 9 scrolls of teleportation
 A - 2 scrolls of fear {unknown}
 D - 4 scrolls of fog
 H - 4 scrolls of silence
 L - a scroll of summoning
 O - a scroll of torment
 R - 2 scrolls of blinking
Potions
 h - 3 potions of haste
 i - 8 potions of heal wounds
 j - 16 potions of curing
 k - a potion of invisibility
 n - 2 potions of lignification
 s - 7 potions of flight
 t - 3 potions of ambrosia
 w - 8 potions of mutation
 z - 3 potions of cancellation
 C - 3 potions of might
 F - 2 potions of resistance
 J - 5 potions of agility
Comestibles
 c - 51 rations


   Skills:
 + Level 19.0 Fighting
 * Level 24.2(24.5) Axes
 - Level 7.4(17.9) Maces & Flails
 + Level 8.9 Throwing
 + Level 18.7 Armour
 - Level 2.1 Dodging
 + Level 18.6 Shields
 + Level 14.7 Evocations


You had 21 spell levels left.
You didn't know any spells.
Your spell library was empty.

Dungeon Overview and Level Annotations

Branches:
Dungeon (15/15)            Temple (0/1) D:5            Lair (6/6) D:9
 Shoals (4/4) Lair:3        Snake (4/4) Lair:2        Slime (0/5) Lair:5
    Orc (2/2) D:10            Elf (0/3) Orc:2        Vaults (4/5) D:13
  Crypt (0/3) Vaults:3     Depths (1/5) D:15

Altars:
Ashenzari
Cheibriados
Dithmenos
Fedhas
Gozag
Okawaru
Qazlal
Ru
Trog
Vehumet
Wu Jian
Zin
The Shining One
Beogh

Shops:
D:11 [   D:12 %   Orc:2 (}!%*   Shoals:1 =*   Shoals:2 =   Shoals:4 [!
Vaults:2 (   Depths:1 ?

Portals:
Hell: Depths:1

Annotations:
D:5 exclusion: oklob sapling
D:9 Gastronok
D:14 2 transporters, HammerPanzer's ghost, journeyman MiBe
Lair:1 3 runed translucent doors, Gebim's ghost, journeyman GnCK; Goykud's ghost, journeyman KoBe; Hecaebadd's ghost, journeyman GrGl; Niroopri's ghost, novice MiFi
Lair:3 2 transporters, Deed's ghost, journeyman MiFi
Lair:4 exclusion: ice statue
Lair:6 exclusion: oklob plant
Snake:4 1 runed translucent door, hitsuchi's ghost, adept FoEE
Vaults:1 3 runed translucent doors, Gauwit's ghost, adept SpBe
Vaults:3 exclusion: obsidian statue


Innate Abilities, Weirdness & Mutations

You reflexively headbutt those who attack you in melee.
You have a pair of horns on your head.
You are clumsy. (Dex -2)
Armour fits poorly on your strangely shaped body.
[Scrolls take you longer to read.]


Message History

The very large slime creature completely misses you.
The freezing wraith hits you but does no damage.
The freezing wraith hits you.
You hit the freezing wraith but do no damage.
You closely miss the deep troll. You hit the lich but do no damage.
You miss the deep troll earth mage.
You slash the very large slime creature!
The lich touches you.
The very large slime creature hits you!!!
* * * LOW HITPOINT WARNING * * *
The freezing wraith hits you.
* * * LOW HITPOINT WARNING * * *
The freezing wraith freezes you! You resist.
* * * LOW HITPOINT WARNING * * *
The freezing wraith hits you.
* * * LOW HITPOINT WARNING * * *
The deep troll bites you!
* * * LOW HITPOINT WARNING * * *
The deep troll barely misses you. The deep troll claws you!
You die...

.. # #.....#.## ...
#####....(#.## ....
###..####......#
...####......####....#
..#..#....#.....####..#
.........##.#........##
....#TTT.#..##########
.....TLTJ..##
....###@WW.# # ##TW..#
##....# ###..# #..# ###


You could see a lich, a very large slime creature, 4 deep trolls, 2 deep troll
earth magi, a freezing wraith, a hungry ghost and a wraith.

Vanquished Creatures
  Sojobo (D:15)
  Xtahua (Vaults:2)
  Saint Roka (Orc:2)
  2 profane servitors
  2 liches
  Asterion (Depths:1)
  A deep elf master archer (Vaults:1)
  2 tengu reavers (D:15)
  Donald (Vaults:1)
  2 tentacled starspawn (Abyss:5)
  Agnes (D:14)
  A shadow dragon (Abyss:4)
  Ilsuiw (Shoals:2)
  8 nagarajas
  2 fire giants
  8 vault wardens
  5 frost giants
  3 orc warlords
  5 stone giants
  12 very ugly things
  9 ironheart preservers
  A deep elf demonologist (Vaults:1)
  A lorocyproca (Abyss:4)
  4 merfolk javelineers
  3 ettins
  Snorg (D:10)
  A deep elf death mage (Vaults:1)
  6 merfolk impalers
  5 fire dragons
  A blizzard demon (Abyss:4)
  Josephine (D:10)
  20 ogre magi
  10 yaktaur captains
  4 ice dragons
  3 great orbs of eyes
  13 hydras
  3 rakshasas
  5 vault guards (Vaults:2)
  12 naga warriors
  2 catoblepae
  17 anacondas
  7 centaur warriors
  2 death knights (Vaults:3)
  2 merfolk avatars
  2 merfolk aquamancers
  2 dancing weapons (D:13)
  Erica (Orc:1)
  7 tengu warriors
  2 two-headed ogres (shapeshifter)
  51 two-headed ogres
  A queen ant (D:9)
  2 deep troll shamans (Depths:1)
  13 death yaks
  5 thrashing horrors
  A deep troll earth mage (Depths:1)
  3 hell hogs
  A spriggan berserker (Depths:1)
  A vampire mage (Vaults:3)
  10 shock serpents
  15 naga sharpshooters
  7 deep elf knights
  An orc high priest (Orc:1)
  Nergalle (Lair:2)
  A wretched star (Abyss:5)
  A shadow wraith (Vaults:2)
  A flayed ghost (Vaults:4)
  7 unseen horrors
  9 salamander mystics
  8 deep trolls
  A phantasmal warrior (Vaults:2)
  10 sea snakes
  5 glowing orange brains
  12 orc knights
  3 naga ritualists
  8 deep elf archers
  9 starcursed masses
  A harpy (shapeshifter) (D:15)
  8 ironbrand convokers
  2 wizards
  5 lindwurms
  Pikel (D:7)
  A tengu skeleton (Vaults:4)
  12 harpies
  A tengu zombie (Vaults:4)
  9 deep elf magi
  10 mana vipers
  3 necromancers
  5 orc sorcerers
  15 fauns
  A faun (shapeshifter) (Vaults:2)
  Maurice (D:9)
  2 worldbinders
  A stone giant zombie (Vaults:4)
  50 ugly things
  7 cyclopes
  15 salamanders
  2 wolf spiders (Vaults:1)
  10 manticores
  5 merfolk sirens
  A salamander (shapeshifter) (D:15)
  36 black mambas
  16 vault sentinels
  6 guardian serpents
  18 elephants
  25 naga magi
  A black mamba (shapeshifter) (Vaults:1)
  6 water nymphs
  3 gargoyles
  4 centaur skeletons
  4 smoke demons
  13 spiny frogs
  8 rime drakes
  An efreet (Abyss:5)
  26 yaktaurs
  A rime drake (shapeshifter) (Vaults:2)
  2 freezing wraiths
  15 komodo dragons
  4 ancient zymes
  A red devil (Abyss:5)
  2 tengu conjurers
  3 meliai (D:14)
  30 merfolk
  2 polar bears
  16 trolls
  3 wind drakes
  2 hornets
  A wolf spider simulacrum (D:14)
  26 blink frogs
  19 slime creatures
  22 raiju
  7 dream sheep
  4 snapping turtles
  13 hippogriffs
  2 meliai zombies
  2 spriggans (shapeshifter)
  2 ettin skeletons (Vaults:4)
  A shadow (D:13)
  A vampire (D:12)
  A spriggan (D:7)
  8 water elementals
  A fire bat (shapeshifter) (Vaults:1)
  15 large abominations
  4 wraiths
  37 yaks
  3 basilisks
  6 wyverns
  3 chaos spawn
  A golden eye (Abyss:5)
  4 vampire mosquitoes (D:15)
  3 neqoxecs (Abyss:4)
  2 human simulacra (Vaults:4)
  3 hungry ghosts
  A yaktaur simulacrum (Vaults:1)
  37 nagas
  15 soldier ants
  6 wargs
  3 acid dragons
  A hell hound (Volcano)
  14 water moccasins
  12 porcupines
  51 orc warriors
  A porcupine (shapeshifter) (Depths:1)
  3 sky beasts
  3 slaves
  A black bear (shapeshifter) (Vaults:4)
  8 phantoms
  2 black bears
  10 ice beasts
  An eye of draining (shapeshifter) (Vaults:3)
  3 wolves
  A boggart (Vaults:2)
  60 ogres
  8 centaurs
  17 crocodiles
  3 big kobolds
  An earth elemental (Abyss:5)
  21 bullfrogs
  2 wyvern zombies
  An ogre simulacrum (Vaults:1)
  4 water moccasin zombies (Ossuary)
  4 scorpions (D:10)
  7 killer bees
  An orc simulacrum (Vaults:1)
  7 wights
  11 howler monkeys
  4 electric eels
  4 crimson imps
  A bullfrog zombie (D:10)
  3 lava snakes (Snake:3)
  6 centaur zombies
  8 jellies
  8 hounds
  19 orc priests
  A bullfrog skeleton (D:10)
  An iguana (D:7)
  32 orc wizards
  33 worker ants
  3 small abominations
  A killer bee zombie (D:10)
  3 big kobold zombies (Ossuary)
  2 mummies (Ossuary)
  A howler monkey zombie (D:6)
  4 gnolls (D:2)
  19 adders
  5 shadow imps
  2 white imps (Lair:4)
  3 ufetubi (Abyss:4)
  An ooze (D:1)
  An adder skeleton (D:7)
  5 adder zombies (Ossuary)
  A worm (D:2)
  2 dart slugs (D:1)
  2 leopard geckos
  95 orcs
  7 giant cockroaches
  4 goblins
  9 hobgoblins
  13 jackals
  7 quokkas
  6 ball pythons
  12 bats
  6 frilled lizards
  A gnoll zombie (Ossuary)
  8 hobgoblin zombies (Ossuary)
  14 kobolds
  3 kobold zombies (Ossuary)
  10 orc zombies (Ossuary)
  7 rats
  A lurking horror (Abyss:4)
  35 plants
  2 starspawn tentacles (Abyss:5)
1736 creatures vanquished.

Vanquished Creatures (collateral kills)
  A merfolk javelineer (Shoals:4)
  2 anacondas (Snake:4)
  A merfolk avatar (Shoals:4)
  2 satyrs (Shoals:4)
  2 naga ritualists
  A faun (Shoals:4)
  2 mana vipers (Snake:1)
  A black mamba (Snake:2)
  A guardian serpent (Snake:4)
  2 naga magi
  2 merfolk (Shoals:4)
  2 nagas
  A plant (Shoals:4)
20 creatures vanquished.

Vanquished Creatures (others)
  2 centaur warriors (Vaults:1)
  A satyr (Shoals:1)
  A naga sharpshooter (Snake:4)
  2 deep elf magi
  3 cyclopes (Vaults:1)
  A faun (Shoals:4)
  7 yaktaurs
  A slime creature (Vaults:1)
  A chaos spawn (Abyss:5)
  A centaur (Shoals:1)
  6 fungi
  49 plants
  2 starspawn tentacles (Abyss:5)
77 creatures vanquished.

Grand Total: 1833 creatures vanquished

Notes
Turn   | Place    | Note
-------+----------+-------------------------------------------
     0 | D:1      | TrebMcFLY the Minotaur Berserker began the quest for the
                  | Orb.
     0 | D:1      | Reached XP level 1. HP: 19/19 MP: 0/0
    84 | D:1      | Reached skill level 4 in Axes
    95 | D:1      | Reached XP level 2. HP: 21/27 MP: 1/1
   682 | D:2      | Reached XP level 3. HP: 33/33 MP: 2/2
   707 | D:2      | Reached skill level 1 in Shields
  1004 | D:2      | Reached ** piety under Trog
  1245 | D:2      | Reached XP level 4. HP: 38/40 MP: 3/3
  1296 | D:2      | Reached skill level 5 in Axes
  1769 | D:2      | Reached XP level 5. HP: 46/47 MP: 4/4
  1808 | D:2      | Found a sacrificial altar of Ru.
  1943 | D:3      | Found an ornate altar of the Wu Jian Council.
  2161 | D:3      | Found a faded altar of an unknown god.
  2216 | D:3      | Reached *** piety under Trog
  2282 | D:3      | Found a blossoming altar of Fedhas.
  2442 | D:3      | Reached XP level 6. HP: 55/55 MP: 5/5
  2571 | D:3      | Found a glowing golden altar of the Shining One.
  2798 | D:4      | Reached skill level 5 in Fighting
  2953 | D:4      | Reached skill level 6 in Axes
  3514 | D:5      | Entered Level 5 of the Dungeon
  3548 | D:5      | Reached skill level 1 in Evocations
  3548 | D:5      | Reached XP level 7. HP: 47/61 MP: 6/6
  3556 | D:5      | Found a staircase to the Ecumenical Temple.
  3691 | D:5      | Reached skill level 7 in Axes
  4068 | D:5      | Reached skill level 5 in Armour
  4441 | D:6      | Found a sand-covered staircase.
  4452 | Ossuary  | Entered an ossuary
  4476 | Ossuary  | Reached XP level 8. HP: 63/70 MP: 8/8
  4514 | Ossuary  | Reached **** piety under Trog
  4529 | Ossuary  | Reached skill level 8 in Axes
  5161 | D:7      | Noticed Pikel
  5266 | D:7      | Reached skill level 5 in Shields
  5304 | D:7      | Reached skill level 9 in Axes
  5317 | D:7      | Reached ***** piety under Trog
  5318 | D:7      | Reached XP level 9. HP: 75/79 MP: 10/10
  5923 | D:7      | Reached skill level 1 in Maces & Flails
  6082 | D:7      | Killed Pikel
  6082 | D:7      | Reached skill level 10 in Axes
  6370 | D:7      | Found a radiant altar of Vehumet.
  6372 | D:7      | Found a snail-covered altar of Cheibriados.
  6575 | D:8      | Found a stormy altar of Qazlal.
  6595 | D:8      | Noticed a two-headed ogre
  6960 | D:8      | Killed an unseen horror
  6960 | D:8      | Reached XP level 10. HP: 88/88 MP: 12/12
  7958 | D:8      | Found an opulent altar of Gozag.
  7959 | D:8      | Found a stormy altar of Qazlal.
  8059 | D:9      | Noticed Maurice
  8078 | D:9      | Paralysed by something for 7 turns
  8189 | D:9      | Killed Maurice
  8189 | D:9      | Reached skill level 5 in Evocations
  8231 | D:9      | Found a shadowy altar of Dithmenos.
  8384 | D:9      | Noticed a two-headed ogre
  8407 | D:9      | Killed a two-headed ogre
  8441 | D:9      | Got a translucent bone amulet
  8467 | D:9      | Identified the amulet "Jagriy" {rPois Regen+} (You found it
                  | on level 9 of the Dungeon)
  8514 | D:9      | Reached skill level 11 in Axes
  8549 | D:9      | Reached skill level 5 in Maces & Flails
  8565 | D:9      | Noticed a queen ant
  8616 | D:9      | Killed a queen ant
  8616 | D:9      | Reached XP level 11. HP: 97/97 MP: 14/14
  8764 | D:9      | Noticed Gastronok
  8868 | D:8      | Killed a two-headed ogre
  8992 | D:9      | Found a glowing silver altar of Zin.
  9010 | D:9      | Found a staircase to the Lair.
  9156 | D:9      | Received a gift from Trog
  9174 | D:9      | Got a jewelled broad axe {god gift}
  9188 | D:9      | Identified the +4 broad axe of Famine {vamp, +Blink rElec
                  | rC+} (Trog gifted it to you on level 9 of the Dungeon)
  9296 | D:9      | Reached ****** piety under Trog
  9438 | D:10     | Entered Level 10 of the Dungeon
  9462 | D:10     | Reached skill level 10 in Fighting
  9547 | D:10     | Noticed Josephine
  9555 | D:10     | Killed Josephine
  9594 | D:10     | Noticed Snorg
  9613 | D:10     | Killed Snorg
  9613 | D:10     | Reached skill level 10 in Armour
  9658 | D:9      | Reached skill level 12 in Axes
  9891 | D:10     | Reached XP level 12. HP: 73/107 MP: 16/16
 10124 | D:10     | Found a shadowy altar of Dithmenos.
 10286 | D:10     | Found a roughly hewn altar of Beogh.
 10286 | D:10     | Found a staircase to the Orcish Mines.
 10556 | Lair:1   | Entered Level 1 of the Lair of Beasts
 10824 | Lair:1   | Found a runed translucent gate.
 10824 | Lair:1   | Found a runed translucent gate.
 10824 | Lair:1   | Noticed Gebim's ghost (journeyman GnCK)
 10825 | Lair:1   | Found a runed translucent gate.
 10825 | Lair:1   | Noticed Goykud's ghost (journeyman KoBe)
 10827 | Lair:1   | Noticed Hecaebadd's ghost (journeyman GrGl)
 10848 | Lair:1   | Noticed Niroopri's ghost (novice MiFi)
 11577 | Lair:2   | Reached skill level 10 in Shields
 11590 | Lair:2   | Noticed a four-headed hydra
 11602 | Lair:2   | Killed a four-headed hydra
 11657 | Lair:2   | Noticed a catoblepas
 11678 | Lair:2   | Killed a catoblepas
 12084 | Lair:2   | Noticed a four-headed hydra
 12090 | Lair:2   | Killed a four-headed hydra
 12090 | Lair:2   | Reached skill level 13 in Axes
 12124 | Lair:2   | Noticed Nergalle
 12133 | Lair:2   | Killed Nergalle
 12238 | Lair:2   | Received a gift from Trog
 12248 | Lair:2   | Found a staircase to the Snake Pit.
 12715 | Lair:3   | Noticed a seven-headed hydra
 12721 | Lair:3   | Killed a seven-headed hydra
 12754 | Lair:3   | Found a staircase to the Shoals.
 12786 | Lair:3   | Noticed a seven-headed hydra
 12804 | Lair:3   | Killed a seven-headed hydra
 12861 | Lair:3   | Found a transporter.
 12876 | Lair:3   | Noticed Deed's ghost (journeyman MiFi)
 12880 | Lair:3   | Found a bloodstained altar of Trog.
 12880 | Lair:3   | Identified the +9 trident of Blind Justice {elec, rN+ Str+3
                  | Int+3}
 12881 | Lair:3   | Found a transporter.
 12896 | Lair:3   | Noticed a death yak
 12898 | Lair:3   | Noticed a death yak
 12898 | Lair:3   | Noticed a death yak
 12909 | Lair:3   | Noticed a death yak
 12911 | Lair:3   | Killed a death yak
 12917 | Lair:3   | Killed a death yak
 12917 | Lair:3   | Reached XP level 13. HP: 116/116 MP: 16/18
 13203 | Lair:3   | Reached skill level 14 in Axes
 13955 | Lair:4   | Found a dark tunnel.
 13975 | Volcano  | Entered a volcano
 14486 | Lair:4   | Received a gift from Trog
 14721 | Lair:4   | Received a gift from Trog
 14746 | Lair:4   | Reached skill level 15 in Axes
 15560 | Lair:5   | Found a staircase to the Slime Pits.
 15801 | Lair:5   | Reached XP level 14. HP: 127/127 MP: 19/19
 16212 | Lair:6   | Entered Level 6 of the Lair of Beasts
 16911 | Lair:6   | Reached skill level 16 in Axes
 16972 | Lair:6   | Received a gift from Trog
 18649 | D:11     | Reached XP level 15. HP: 131/136 MP: 21/21
 18719 | D:11     | Reached skill level 10 in Evocations
 18764 | D:11     | Received a gift from Trog
 18919 | D:11     | Found Rilair's Antique Armour Shop.
 19296 | D:12     | Found Yrepp's Food Shoppe.
 20148 | D:13     | Reached skill level 17 in Axes
 20247 | D:13     | Found a gate to the Vaults.
 20932 | D:14     | Noticed Agnes
 20949 | D:14     | Killed Agnes
 21335 | D:14     | Found a transporter.
 21340 | D:14     | Found a transporter.
 21343 | D:14     | Found a bloodstained altar of Trog.
 21353 | D:14     | Noticed HammerPanzer's ghost (journeyman MiBe)
 21363 | D:14     | Identified the +9 glaive of Exchange {flame, rPois MR++
                  | Int+4 Dex-3}
 21573 | D:15     | Entered Level 15 of the Dungeon
 21622 | D:15     | Received a gift from Trog
 22054 | D:15     | Reached skill level 18 in Axes
 22070 | D:15     | Found a staircase to the Depths.
 22461 | Orc:1    | Entered Level 1 of the Orcish Mines
 22502 | Orc:1    | Reached XP level 16. HP: 126/147 MP: 23/23
 22593 | Orc:1    | Noticed Erica
 22600 | Orc:1    | Killed Erica
 23004 | Orc:2    | Entered Level 2 of the Orcish Mines
 23212 | Orc:2    | Received a gift from Trog
 23268 | Orc:2    | Noticed Saint Roka
 23286 | Orc:2    | Received a gift from Trog
 23291 | Orc:2    | Killed Saint Roka
 23689 | Orc:2    | Found Neuhux's Gadget Emporium.
 24031 | Orc:2    | Found Vin Gaap's Antique Weapon Emporium.
 24034 | Orc:2    | Found Hattotra's Distillery.
 24041 | Orc:2    | Found Ullid's Food Shoppe.
 24230 | Orc:2    | Found a staircase to the Elven Halls.
 24284 | Orc:2    | Received a gift from Trog
 24457 | Orc:2    | Found Abruytou's General Store.
 24571 | Orc:2    | Bought a potion of heal wounds for 85 gold pieces
 24571 | Orc:2    | Bought a potion of curing for 51 gold pieces
 24571 | Orc:2    | Bought 2 potions of heal wounds for 170 gold pieces
 24571 | Orc:2    | Bought a potion of cancellation for 136 gold pieces
 24711 | Snake:1  | Entered Level 1 of the Snake Pit
 24982 | Snake:1  | Reached skill level 15 in Fighting
 25332 | Snake:1  | Reached skill level 19 in Axes
 25578 | Snake:1  | Received a gift from Trog
 26326 | Snake:2  | Found a shattered altar of Ashenzari.
 26348 | Snake:2  | Reached skill level 15 in Armour
 26759 | Snake:2  | Reached XP level 17. HP: 149/156 MP: 24/24
 27349 | Snake:3  | Received a gift from Trog
 27361 | Snake:3  | Reached skill level 15 in Shields
 27946 | Snake:4  | Entered Level 4 of the Snake Pit
 28537 | Snake:4  | Reached skill level 20 in Axes
 28625 | Snake:4  | Received a gift from Trog
 29078 | Snake:4  | Found a runed translucent door.
 29078 | Snake:4  | Noticed hitsuchi's ghost (adept FoEE)
 29493 | Snake:4  | Received a gift from Trog
 29993 | Snake:4  | Reached XP level 18. HP: 166/166 MP: 26/26
 30633 | Snake:4  | Received a gift from Trog
 30653 | Snake:4  | Got a serpentine rune of Zot
 30968 | Shoals:1 | Entered Level 1 of the Shoals
 31308 | Shoals:1 | Reached skill level 21 in Axes
 31623 | Shoals:1 | Found Tywi's Jewellery Shop.
 31644 | Shoals:1 | Found Zitez's General Store.
 32187 | Shoals:2 | Found Qeafol's Jewellery Emporium.
 32302 | Shoals:2 | Noticed Ilsuiw
 32379 | Shoals:2 | Received a gift from Trog
 32406 | Shoals:2 | Killed Ilsuiw
 33857 | Shoals:4 | Entered Level 4 of the Shoals
 34066 | Shoals:4 | Found Meshroz's Distillery.
 34093 | Shoals:4 | Found Lerog's Antique Armour Emporium.
 34125 | Shoals:4 | Reached skill level 1 in Throwing
 34472 | Shoals:4 | Got a barnacled rune of Zot
 34598 | Shoals:4 | Received a gift from Trog
 34784 | Shoals:4 | Reached XP level 19. HP: 174/174 MP: 27/27
 35280 | Vaults:1 | Entered Level 1 of the Vaults
 35396 | Vaults:1 | Found a runed translucent gate.
 35396 | Vaults:1 | Found a runed translucent gate.
 35399 | Vaults:1 | Found a runed translucent gate.
 36079 | Vaults:1 | Reached skill level 22 in Axes
 36132 | Vaults:1 | Received a gift from Trog
 36249 | Vaults:1 | Noticed Donald
 36261 | Vaults:1 | Noticed a Brimstone Fiend
 36273 | Vaults:1 | Killed Donald
 36864 | Vaults:1 | Identified the +6 battleaxe of the Unseen Realm {venom,
                  | Str+2}
 36864 | Vaults:1 | Identified the +4 ring mail "Dasek" {rF+ Dex+8 Slay-3}
 36917 | Vaults:1 | Noticed a lich
 36924 | Vaults:1 | Killed a lich
 37113 | Vaults:1 | Reached skill level 5 in Throwing
 37207 | Vaults:1 | Noticed Gauwit's ghost (adept SpBe)
 37211 | Vaults:1 | Found an iron altar of Okawaru.
 37260 | Vaults:2 | Got a translucent iron ring
 37264 | Vaults:2 | Identified the ring of Anarchy {rCorr Int+5} (You found it
                  | on level 2 of the Vaults)
 37401 | Vaults:2 | Reached XP level 20. HP: 185/185 MP: 29/29
 37706 | Vaults:2 | Noticed Xtahua
 37725 | Vaults:2 | Killed Xtahua
 37829 | Vaults:2 | Found Yrro's Weapon Boutique.
 37905 | Vaults:2 | Received a gift from Trog
 38944 | Vaults:3 | Reached skill level 23 in Axes
 39225 | Vaults:3 | Received a gift from Trog
 39399 | Vaults:3 | Found a staircase to the Crypt.
 40359 | Vaults:4 | Received a gift from Trog
 40589 | Vaults:4 | Reached XP level 21. HP: 171/195 MP: 30/30
 40855 | Vaults:4 | Received a gift from Trog
 40901 | Vaults:4 | Got an ichor-stained broad axe {god gift}
 40904 | Vaults:4 | Identified the +3 broad axe "Pendulum" {flame, rElec rC-
                  | Str-2 Stlth+} (Trog gifted it to you on level 4 of the
                  | Vaults)
 41706 | Depths:1 | Entered Level 1 of the Depths
 41706 | Depths:1 | Identified the +4 shield of Philately {Dex+5}
 41706 | Depths:1 | Noticed Asterion
 41718 | Depths:1 | Killed Asterion
 41762 | Depths:1 | Found a runed translucent door.
 41942 | Depths:1 | Noticed Sojobo
 42030 | D:15     | Killed Sojobo
 42212 | Depths:1 | Received a gift from Trog
 42217 | Depths:1 | Identified the Tome of Good Luck
 42266 | Depths:1 | Found Rarphudu's Magic Scroll Emporium.
 42345 | Depths:1 | Found a gateway to Hell.
 42682 | Depths:1 | Cast into level 3 of the Abyss (a lich)
 42961 | Abyss:4  | Reached skill level 24 in Axes
 43040 | Abyss:4  | Gained mutation: You are clumsy. (Dex -2) [a neqoxec]
 43078 | Abyss:4  | Noticed a profane servitor
 43097 | Abyss:4  | Killed a profane servitor
 43224 | Abyss:4  | Gained mutation: Armour fits poorly on your strangely
                  | shaped body. [a neqoxec]
 43245 | Abyss:4  | Received a gift from Trog
 43251 | Abyss:5  | Entered Level 5 of the Abyss
 43251 | Abyss:5  | Entered Level 5 of the Abyss
 43253 | Abyss:5  | Found a corrupted altar of Lugonu.
 43479 | Abyss:5  | Noticed a profane servitor
 43492 | Abyss:5  | Killed a profane servitor
 43499 | Abyss:5  | Reached XP level 22. HP: 205/205 MP: 32/32
 43507 | Depths:1 | Escaped the Abyss
 43512 | Depths:1 | HP: 5/205 [deep troll (13)]
 43512 | Depths:1 | Mangled by a deep troll

Skill      XL: |  1  2  3  4  5  6  7  8  9 10 11 12 13 14 15 16 17 18 19 20 21 |
---------------+----------------------------------------------------------------+-----
Axes           | 4 5 6 7 9 10 11 12 13 15 16 18 19 20 21 22 23 24 | 24.2
Fighting       | 4 5 6 7 8 9 10 11 12 13 14 15 16 17 18 19 | 19.0
Armour         | 3 4 5 6 7 8 10 11 12 13 14 15 16 17 18 | 18.7
Shields        | 1 2 3 4 5 7 8 9 10 11 12 13 14 15 16 17 18 | 18.6
Evocations     | 1 2 3 4 5 6 8 9 10 11 12 13 14 | 14.7
Maces & Flails | 3 5 7 |  7.4
Throwing       | 2 5 7 8 |  8.9
Dodging        | |  2.1

Action                   |  1- 3 |  4- 6 |  7- 9 | 10-12 | 13-15 | 16-18 | 19-21 | 22-24 || total
-------------------------+-------+-------+-------+-------+-------+-------+-------+-------++-------
Melee: Hand axe          |    76 |   165 |   334 |       |       |       |       |       ||   575
       Headbutt          |     9 |    26 |    84 |   121 |   297 |   450 |   465 |       ||  1452
       Morningstar       |       |       |   129 |   621 |  1160 |   864 |       |       ||  2774
       Broad axe         |       |       |       |       |       |   920 |  1514 |     6 ||  2440
Throw: Tomahawk          |       |       |       |     1 |       |       |       |       ||     1
       Javelin           |       |       |       |       |       |     8 |       |       ||     8
Invok: Berserk           |       |     1 |     5 |    14 |    11 |    10 |    12 |       ||    53
       Trog's Hand       |       |       |       |     2 |     2 |     9 |     6 |       ||    19
       Brothers in Arms  |       |       |       |       |       |     6 |       |       ||     6
 Abil: Evoke Blink       |       |       |       |       |       |     1 |       |       ||     1
Evoke: Wand              |       |       |       |       |     2 |       |       |       ||     2
  Use: Scroll            |       |     2 |    13 |     6 |     9 |     1 |    10 |       ||    41
       Potion            |       |       |       |       |       |     2 |     1 |       ||     3
  Eat: Chunk             |     1 |     8 |    15 |    30 |    46 |    45 |    55 |       ||   200
       Ration            |       |       |       |     1 |       |     5 |     1 |       ||     7
Armor: Animal skin       |     1 |       |       |       |       |       |       |       ||     1
       Ring mail         |    34 |     5 |       |       |       |       |       |       ||    39
       Chain mail        |       |    92 |     3 |       |       |       |       |       ||    95
       Plate armour      |       |       |   286 |   327 |   539 |   667 |   511 |     8 ||  2338
Dodge: Dodged            |    39 |    49 |    90 |   148 |   305 |   380 |   345 |     6 ||  1362
Block: Shield            |    35 |    72 |   211 |   372 |   781 |  1156 |   922 |       ||  3549
       Reflection        |       |       |       |       |     2 |   170 |   110 |       ||   282
